 Dungeon Crawl Stone Soup version 0.30-a0-857-gcaf70739d4 (webtiles) character file.

Game seed: 6565965694822626721

1888 cheesebisquit the Digger (level 9, -3/57 HPs)
             Began as a Gargoyle Earth Elementalist on Mar 5, 2023.
             Was an Initiate of Vehumet.
             Killed from afar by Maggie (11 damage)
             ... with a bolt of fire
             ... on level 6 of the Dungeon.
             The game lasted 00:26:49 (6732 turns).

cheesebisquit the Digger (GrEE)                     Turns: 6732, Time: 00:26:49

Health: -3/57      AC: 10    Str: 12    XL:     9   Next: 15%
Magic:  10/19      EV: 11    Int: 20    God:    Vehumet [......]
Gold:   335        SH:  0    Dex: 10    Spells: 7/22 levels left

rFire   . . .      SeeInvis +    z - +6 morningstar
rCold   . . .      Faith    .    (no shield)
rNeg    + . .      Spirit   .    m - +1 robe {Will+}
rPois   ∞          Reflect  .    (no helmet)
rElec   +          Rampage  .    i - +0 cloak
rCorr   .                        (no gloves)
Will    +....                    (no boots)
Stlth   ++                       r - amulet of the acrobat
HPRegen 0.29/turn                g - ring of see invisible
MPRegen 0.16/turn                (no ring)

@: mesmerised
A: sickness immunity, AC +6, negative energy resistance 1, electricity
resistance, torment resistance 1, petrification resistance
a: Renounce Religion


You were on level 6 of the Dungeon.
You worshipped Vehumet.
Vehumet was noncommittal.
You visited 2 branches of the dungeon, and saw 7 of its levels.

You collected 335 gold pieces.

Inventory:

Hand Weapons
 z - a +6 morningstar (weapon)
Missiles
 t - 4 javelins
 v - 12 poisoned darts
 w - 4 boomerangs
Armour
 i - a +0 cloak (worn)
 m - a +1 robe of willpower (worn)
Jewellery
 g - a ring of see invisible (left hand)
 p - the ring of Xusa {+Blink rF+ rCorr Dex+4 Slay-3}
   (You found it on level 4 of the Dungeon)

   [ring of protection from fire]

   Dex:       It affects your dexterity (+4).
   Slay:      It affects your accuracy & damage with ranged weapons and melee
   (-3).
   rF:        It protects you from fire.
   +Blink:    It lets you blink.
   rCorr:     It protects you from acid and corrosion.
 r - an amulet of the acrobat (around neck)
Scrolls
 a - a scroll of blinking {unknown}
 e - a scroll of torment {unknown}
 f - a scroll of immolation {unknown}
 h - a scroll of amnesia
 j - 2 scrolls of brand weapon {unknown}
 k - a scroll of silence {unknown}
 u - a scroll of enchant armour {unknown}
 x - a scroll of fog {unknown}
 y - a scroll of acquirement {unknown}
Potions
 b - 2 potions of lignification
 c - a potion of mutation
 d - a potion of might
 l - 2 potions of flight
 n - a potion of haste
 o - 3 potions of magic
 s - 2 potions of degeneration


   Skills:
 - Level 7.0 Fighting
 + Level 3.4 Maces & Flails
 - Level 1.5 Dodging
 - Level 2.1 Stealth
 - Level 7.0 Spellcasting
 - Level 0.7 Transmutations
 - Level 7.0 Earth Magic


You had 7 spell levels left.
You knew the following spells:

 Your Spells              Type           Power      Damage    Failure   Level
a - Sandblast             Erth           70%        2d15      1%          1
b - Stone Arrow           Conj/Erth      42%        3d9       7%          3
c - Passwall              Tmut/Erth      18%        N/A       3%          2
d - Petrify               Tmut/Erth      22%        N/A       19%         4
e - Lee's Rapid Deconstr  Erth           17%        3d11*     14%         5

Your spell library contained the following spells:

 Spells                   Type           Power      Damage    Failure   Level
 Apportation              Tloc           14%        N/A       10%         1
 Freeze                   Ice            28%        1d5       10%         1
 Necrotise                Necr           28%        1d5       10%         1
 Summon Small Mammal      Summ           28%        N/A       10%         1
 Call Canine Familiar     Summ           7%         N/A       28%         3
 Frozen Ramparts          Ice            14%        1d3       28%         3
 Hailstorm                Conj/Ice       7%         3d4       28%         3
 Kindle Blastsparks       Fire/Tloc/Air  14%        2d11      28%         3
 Summon Guardian Golem    Hex/Summ       7%         N/A       28%         3
 Fulminant Prism          Conj/Hex       3%         3d5       67%         4
 Iskenderun's Mystic Bla  Conj/Tloc      7%         2d4       67%         4


Dungeon Overview and Level Annotations

Branches:
Dungeon (6/15)             Temple (1/1) D:5

Altars:
Ashenzari
Cheibriados
Dithmenos
Elyvilon
Fedhas
Gozag
Hepliaklqana
Kikubaaqudgha
Makhleb
Nemelex Xobeh
Okawaru
Qazlal
Ru
Sif Muna
Trog
Uskayaw
Vehumet
Wu Jian
Xom
Yredelemnul
Zin
The Shining One

Annotations:
D:6 Maggie


Innate Abilities, Weirdness & Mutations

You are immune to sickness and miasma.
Your stone body is resilient. (AC +6)
You are immune to poison.
You resist negative energy. (rN+)
You are resistant to electric shocks. (rElec)
You are resistant to unholy torment.
You are immune to petrification.


Message History

Maggie draws you further into her thrall.
The blast of sand hits Maggie but does no damage.
Maggie is severely wounded.
Maggie hits you with a +1 long sword of pain!
The blast of sand hits Maggie.
Maggie is severely wounded.
Maggie barely misses you.
Maggie hits you with a +1 long sword of pain.
You writhe in agony.
The blast of sand hits Maggie but does no damage.
Maggie is severely wounded.
Maggie hits you with a +1 long sword of pain!
You writhe in agony.
Okay, then.
Aiming: Sandblast (safe; 1% risk of failure)
Press: ? - help, Q - select action, (/) - cycle Shift-Dir - straight line, f/p - Maggie
Aim: Maggie, wielding a +1 long sword of pain and wearing +0 steam dragon scales (severely wounded, mesmerising, 84% to hit)
The blast of sand hits Maggie but does no damage.
Maggie is severely wounded.
Maggie hits you with a +1 long sword of pain.
* * * LOW HITPOINT WARNING * * *
You writhe in agony.
* * * LOW HITPOINT WARNING * * *
Maggie casts a spell.
Maggie draws you further into her thrall.
Aiming: Sandblast (safe; 1% risk of failure)
Press: ? - help, Q - select action, (/) - cycle Shift-Dir - straight line, f/p - Maggie
Aim: Maggie, wielding a +1 long sword of pain and wearing +0 steam dragon scales (severely wounded, mesmerising, 84% to hit)
The blast of sand hits Maggie!!
Maggie is almost dead.
Maggie hits you with a +1 long sword of pain!
* * * LOW HITPOINT WARNING * * *
Aiming: Sandblast (safe; 1% risk of failure)
Press: ? - help, Q - select action, (/) - cycle Shift-Dir - straight line, f/p - Maggie
Aim: Maggie, wielding a +1 long sword of pain and wearing +0 steam dragon scales (almost dead, mesmerising, 84% to hit)
The blast of sand hits Maggie.
Maggie is almost dead.
Maggie casts a spell at you. The bolt of fire hits you!
You die...

############# ##
#...........# .#
#.......(...# ###
.#########.....(.....##
#..
...........†..(......>#
###.#
.#########............#
#..<. .# #....?.......#
#.#.. ## #).....@@....#
#.#.. #........>...# #
... #..............
##### #..............
..... #..............
##### #..............
##...#######... ##..#
...


You could see Maggie (mesmerising).

Vanquished Creatures
  A wyvern (D:6)
  A water moccasin (D:5)
  An ice beast (D:6)
  4 ogres (D:5)
  A necrophage (D:5)
  3 scorpions
  4 wights (D:5)
  A bullfrog zombie (D:5)
  A human zombie (D:5)
  A centaur zombie (D:5)
  A hound (D:6)
  3 orc priests
  2 jellies
  A sleepcap (D:6)
  Terence (D:2)
  2 iguanas
  2 orc wizards (D:4)
  2 hound zombies (D:5)
  2 mummies (D:5)
  Robin (D:2)
  12 adders
  2 white imps (D:6)
  2 worms (D:2)
  2 dart slugs
  20 orcs
  7 ball pythons
  7 endoplasms
  5 giant cockroaches
  24 goblins
  10 hobgoblins
  5 jackals
  6 kobolds
  4 quokkas
  10 bats
  A frilled lizard (D:1)
  5 rats
157 creatures vanquished.

Notes
Turn   | Place    | Note
-------+----------+-------------------------------------------
     0 | D:1      | cheesebisquit the Gargoyle Earth Elementalist began the
                  | quest for the Orb.
     0 | D:1      | Reached XP level 1. HP: 10/10 MP: 3/3
   127 | D:1      | Reached XP level 2. HP: 14/15 MP: 0/5
   518 | D:1      | Reached XP level 3. HP: 19/19 MP: 4/6
  1016 | D:1      | Learned a level 3 spell: Stone Arrow
  1019 | D:1      | Learned a level 2 spell: Passwall
  1254 | D:2      | Reached skill level 5 in Earth Magic
  1254 | D:2      | Noticed Robin
  1277 | D:2      | Reached XP level 4. HP: 24/24 MP: 4/8
  1297 | D:2      | Killed Robin
  1948 | D:2      | Noticed Terence
  1959 | D:2      | Killed Terence
  1960 | D:2      | Reached XP level 5. HP: 28/28 MP: 3/9
  2451 | D:2      | Learned a level 4 spell: Petrify
  3198 | D:4      | Identified the ring of Xusa {+Blink rF+ rCorr Dex+4 Slay-3}
  3335 | D:3      | Reached skill level 1 in Fighting
  3335 | D:3      | Reached XP level 6. HP: 12/34 MP: 5/10
  3906 | D:4      | You fall into a shaft and drop 2 floors!
  3918 | D:6      | Reached XP level 7. HP: 44/44 MP: 8/11
  4171 | D:5      | Entered Level 5 of the Dungeon
  4174 | D:5      | Reached skill level 5 in Fighting
  4954 | D:5      | Reached XP level 8. HP: 53/53 MP: 7/13
  5174 | D:5      | Found a sparkling altar of Nemelex Xobeh.
  5175 | D:5      | Found an iron altar of Okawaru.
  5224 | D:5      | Found a staircase to the Ecumenical Temple.
  5233 | Temple   | Entered the Ecumenical Temple
  5530 | Temple   | Became a worshipper of Vehumet
  5850 | D:5      | Reached skill level 5 in Spellcasting
  6025 | D:5      | Found an ancient bone altar of Kikubaaqudgha.
  6287 | D:5      | Learned a level 5 spell: Lee's Rapid Deconstruction
  6584 | D:6      | Reached skill level 1 in Maces & Flails
  6619 | D:6      | Noticed a wyvern
  6628 | D:6      | Killed a wyvern
  6629 | D:6      | Reached XP level 9. HP: 41/57 MP: 14/19
  6718 | D:6      | Noticed Maggie
  6732 | D:6      | Killed from afar by Maggie

Illustrated notes

Levels and vault maps discovered:
D:1:      lemuel_arrival_muddy, layout_loops_ring
D:2:      layout_basic, guppyfry_early_orc_mine, uniq_robin, uniq_terence
D:3:      layout_loops_ring
D:4:      layout_cave_pools, serial_bayou_pond_d
D:5:      layout_loops_ring, lemuel_mausoleum_altar_kikubaaqudgha,
          mainiacjoe_overflow_divided_tiny, minmay_temple_entry_glassed_door,
          lightli_ossuary_entry_decrepit_ruins
D:6:      cheibrodos_quashed, layout_basic, kennysheep_cluttered_room,
          minmay_misc_feat_diagonals, grunt_tough_drop, uniq_crazy_yiuf_cottage,
          uniq_eustachio, uniq_maggie
Temple:   compressed_dpeg_triangle_lava_temple

Skill      XL: |  1  2  3  4  5  6  7  8  9 |
---------------+----------------------------+-----
Earth Magic    | 4 5 6 7 |  7.0
Spellcasting   | 3 7 |  7.0
Fighting       | 1 4 7 |  7.0
Maces & Flails | 2 3 |  3.4
Dodging        | |  1.5
Stealth        | |  2.1
Transmutations | |  0.7

Action                     |  1- 3 |  4- 6 |  7- 9 || total
---------------------------+-------+-------+-------++-------
  Melee: Unarmed           |    19 |       |       ||    19
         Whip              |     4 |     9 |       ||    13
         Flail             |       |     1 |       ||     1
  Throw: Boomerang         |       |     3 |       ||     3
         Dart              |       |       |     3 ||     3
   Cast: Sandblast         |    52 |   110 |   139 ||   301
         Passwall          |     2 |       |       ||     2
    Use: Potion            |     1 |     1 |       ||     2
         Scroll            |       |       |     6 ||     6
 Armour: Robe              |     9 |    36 |    28 ||    73
  Dodge: Dodged            |    27 |    37 |    54 ||   118

Table legend: (Time is in decaauts)
 A = Elapsed time spent in this place.
 B = Non-inter-level travel time spent in this place.
 C = Inter-level travel time spent in this place.
 D = Time resting spent in this place.
 E = Time spent auto-exploring this place.
 F = Levels seen in this place.
 G = Mean time per level.
                   A        B        C        D        E       F      G
               +--------+--------+--------+--------+--------+-----+--------+
         Total |   6892 |   6471 |    421 |    548 |   4838 |   7 |  984.6 |
       Dungeon |   6581 |   6186 |    395 |    548 |   4569 |   6 | 1096.8 |
        Temple |    310 |    284 |     26 |      0 |    269 |   1 |  310.0 |
               +--------+--------+--------+--------+--------+-----+--------+

Top non-repeatable levels by time:
     D:2: 1443 daAuts
     D:5: 1335 daAuts
     D:1: 1101 daAuts
     D:3: 1097 daAuts
     D:4: 1022 daAuts
     D:6: 581 daAuts
  Temple: 310 daAuts
